TOP OF THE 1ST |
Asheville Highlanders batting - Pitching for Helena Grizzlies : RHP Taro Ohayashi
|
Pitching: RHP Taro Ohayashi
|
|
Batting: RHB Armando Alvarado
|
0-0: Called Strike 0-1: Called Strike 0-2: Ball 1-2: Foul Ball, location: 2F 1-2: SINGLE (Line Drive, 9S)
|
Batting: LHB Robert Adams
|
0-0: Swinging Strike 0-1: Ball 1-1: DOUBLE (Line Drive, 9LM) Armando Alvarado to third
|
Batting: RHB Paco Vásquez
|
0-0: Ball 1-0: Ground out 6-3 (Groundball, 6) Armando Alvarado scores
|
Batting: RHB Thomas Morris
|
0-0: Ball 1-0: Reached on error, E6 (Groundball, 6M) Robert Adams to third
|
Batting: LHB Anthony Trigg
|
0-0: Ball Thomas Morris is caught stealing 2nd base 1-0: Called Strike 1-1: Ball 2-1: Fly out, F1 (Line Drive, 13)
|
Top of the 1st over - 1 run(s), 2 hit(s), 1 error(s), 1 left on base; Asheville 1 - Helena 0 |
BOTTOM OF THE 1ST |
Helena Grizzlies batting - Pitching for Asheville Highlanders : RHP Michael Brown
|
Pitching: RHP Michael Brown
|
|
Batting: RHB Álex Estrada
|
0-0: Ball 1-0: Foul Ball, location: 2F 1-1: Ball 2-1: Ball 3-1: Base on Balls
|
Batting: LHB César Muñóz
|
0-0: Ball 1-0: Ball 2-0: Ball 3-0: Called Strike 3-1: Foul Ball, location: 2F 3-2: SINGLE (Groundball, 5S) (infield hit) Álex Estrada to second
|
Batting: RHB Octávio Zúñiga
|
0-0: Ball 1-0: Called Strike 1-1: Swinging Strike 1-2: Ball 2-2: Foul Ball, location: 2F 2-2: Foul Ball, location: 2F 2-2: Ball 3-2: Strikes out swinging
|
Batting: SHB Eric O'Neill
|
0-0: SINGLE (Line Drive, 7S) Álex Estrada to third César Muñóz to second Runner from 3rd tries for Home, SAFE, no throw or cutoff
|
Batting: RHB Keith Newbold
|
0-0: Ball 1-0: Called Strike 1-1: Called Strike 1-2: Foul Ball, location: 2F 1-2: SINGLE (Line Drive, 6D) César Muñóz to third Eric O'Neill to second Runner from 3rd tries for Home, SAFE, throw made at trailing runner, SAFE at third!
|
Batting: RHB Chris Woodruff
|
0-0: Swinging Strike 0-1: Ball 1-1: SINGLE (Line Drive, 56D) Eric O'Neill scores Keith Newbold to second
|
Batting: LHB Wilson Horton
|
0-0: Ball 1-0: Called Strike 1-1: Foul Ball, location: 2F 1-2: Ball 2-2: Ball 3-2: Strikes out swinging
|
Batting: LHB José Ríos
|
0-0: Ball 1-0: Swinging Strike 1-1: Called Strike 1-2: Ball 2-2: Ball 3-2: Foul Ball, location: 2F 3-2: Base on Balls Keith Newbold to third Chris Woodruff to second
|
Batting: LHB Andrew Palmer
|
0-0: DOUBLE (Flyball, 89M) Keith Newbold scores Chris Woodruff scores José Ríos to third Runner from 3rd tries for Home, SAFE, no throw or cutoff
|
Batting: RHB Álex Estrada
|
0-0: Fly out, F7 (Flyball, 78M)
|
Bottom of the 1st over - 6 run(s), 5 hit(s), 0 error(s), 1 left on base; Asheville 1 - Helena 6 |
TOP OF THE 2ND |
Asheville Highlanders batting - Pitching for Helena Grizzlies : RHP Taro Ohayashi
|
Batting: SHB Gonzalo Valentín
|
0-0: Fly out, F7 (Flyball, 7M)
|
Batting: SHB Chris Cordell
|
0-0: Ball 1-0: Ball 2-0: Foul Ball, location: 2F 2-1: Swinging Strike 2-2: Strikes out swinging
|
Batting: RHB Víctor López
|
0-0: Swinging Strike 0-1: Bunt missed! 0-2: Fly out, F8 (Flyball, 8LS)
|
Top of the 2nd over - 0 run(s), 0 hit(s), 0 error(s), 0 left on base; Asheville 1 - Helena 6 |
BOTTOM OF THE 2ND |
Helena Grizzlies batting - Pitching for Asheville Highlanders : RHP Michael Brown
|
Batting: LHB César Muñóz
|
0-0: Ball 1-0: Ground out 4-3 (Groundball, 4)
|
Batting: RHB Octávio Zúñiga
|
0-0: Fly out, F7 (Flyball, 7M)
|
Batting: SHB Eric O'Neill
|
0-0: Ball 1-0: Reached on error, E1 (Groundball, 15)
|
Batting: RHB Keith Newbold
|
0-0: Called Strike 0-1: Ball 1-1: Ball 2-1: Fly out, F9 (Flyball, 9LM)
|
Bottom of the 2nd over - 0 run(s), 0 hit(s), 1 error(s), 1 left on base; Asheville 1 - Helena 6 |
TOP OF THE 3RD |
Asheville Highlanders batting - Pitching for Helena Grizzlies : RHP Taro Ohayashi
|
Batting: RHB Luis Alomar
|
0-0: Bunted foul 0-1: Foul Ball, location: 2F 0-2: Strikes out swinging
|
Batting: RHB Armando Alvarado
|
0-0: Ground out 5-3 (Groundball, 5S)
|
Batting: LHB Robert Adams
|
0-0: Called Strike 0-1: Called Strike 0-2: Strikes out swinging
|
Top of the 3rd over - 0 run(s), 0 hit(s), 0 error(s), 0 left on base; Asheville 1 - Helena 6 |
BOTTOM OF THE 3RD |
Helena Grizzlies batting - Pitching for Asheville Highlanders : RHP Michael Brown
|
Batting: RHB Chris Woodruff
|
0-0: Fly out, F7 (Flyball, 7M)
|
Batting: LHB Wilson Horton
|
0-0: Called Strike 0-1: Ball 1-1: Called Strike 1-2: Strikes out looking
|
Batting: LHB José Ríos
|
0-0: Foul Ball, location: 2F 0-1: Called Strike 0-2: Ball 1-2: Ball 2-2: Foul Ball, location: 2F 2-2: Strikes out looking
|
Bottom of the 3rd over - 0 run(s), 0 hit(s), 0 error(s), 0 left on base; Asheville 1 - Helena 6 |
TOP OF THE 4TH |
Asheville Highlanders batting - Pitching for Helena Grizzlies : RHP Taro Ohayashi
|
Batting: RHB Paco Vásquez
|
0-0: Foul Ball, location: 2F 0-1: Called Strike 0-2: Ball 1-2: Strikes out swinging
|
Batting: RHB Thomas Morris
|
0-0: SINGLE (Groundball, 56) (infield hit)
|
Batting: LHB Anthony Trigg
|
0-0: Ball 1-0: Swinging Strike 1-1: Grounds into double play, 6-4-3 (Groundball, 6)
|
Top of the 4th over - 0 run(s), 1 hit(s), 0 error(s), 0 left on base; Asheville 1 - Helena 6 |
BOTTOM OF THE 4TH |
Helena Grizzlies batting - Pitching for Asheville Highlanders : RHP Michael Brown
|
Pitching: RHP Richard Meyer
|
|
Batting: LHB Andrew Palmer
|
0-0: Ball 1-0: Ball 2-0: Foul Ball, location: 2F 2-1: Ball 3-1: Fly out, F7 (Flyball, 78M)
|
Batting: RHB Álex Estrada
|
0-0: Ground out U3 (Groundball, 3)
|
Batting: LHB César Muñóz
|
0-0: Called Strike 0-1: Ball 1-1: Ball 2-1: Foul Ball, location: 2F 2-2: Foul Ball, location: 2F 2-2: Fly out, F8 (Flyball, 8LXD)
|
Bottom of the 4th over - 0 run(s), 0 hit(s), 0 error(s), 0 left on base; Asheville 1 - Helena 6 |
TOP OF THE 5TH |
Asheville Highlanders batting - Pitching for Helena Grizzlies : RHP Taro Ohayashi
|
Batting: SHB Gonzalo Valentín
|
0-0: Foul Ball, location: 2F 0-1: Ball 1-1: Ball 2-1: Foul Ball, location: 2F 2-2: Ball 3-2: Fly out, F2 (Popup, 2LF)
|
Batting: SHB Chris Cordell
|
0-0: Ground out 6-3 (Groundball, 6)
|
Batting: RHB Víctor López
|
0-0: Ball 1-0: Foul Ball, location: 2F 1-1: Ball 2-1: Ball 3-1: Foul Ball, location: 2F 3-2: Ground out 5-3 (Groundball, 5)
|
Top of the 5th over - 0 run(s), 0 hit(s), 0 error(s), 0 left on base; Asheville 1 - Helena 6 |
BOTTOM OF THE 5TH |
Helena Grizzlies batting - Pitching for Asheville Highlanders : RHP Richard Meyer
|
Batting: RHB Octávio Zúñiga
|
0-0: Fly out, F8 (Flyball, 8RM)
|
Batting: SHB Eric O'Neill
|
0-0: Ball 1-0: Swinging Strike 1-1: Ball 2-1: Swinging Strike 2-2: Fly out, F7 (Flyball, 78M)
|
Batting: RHB Keith Newbold
|
0-0: Ball 1-0: Called Strike 1-1: Ground out 6-3 (Groundball, 6M)
|
Bottom of the 5th over - 0 run(s), 0 hit(s), 0 error(s), 0 left on base; Asheville 1 - Helena 6 |
TOP OF THE 6TH |
Asheville Highlanders batting - Pitching for Helena Grizzlies : RHP Taro Ohayashi
|
Batting: RHB Luis Alomar
|
0-0: Called Strike 0-1: Fly out, F7 (Flyball, 7M)
|
Batting: RHB Armando Alvarado
|
0-0: Foul Ball, location: 2F 0-1: Foul Ball, location: 2F 0-2: Ball 1-2: Foul Ball, location: 2F 1-2: Foul Ball, location: 2F 1-2: Ball 2-2: SOLO HOME RUN (Flyball, 7D), Distance : 366 ft
|
Batting: LHB Robert Adams
|
0-0: Foul Ball, location: 2F 0-1: Foul Ball, location: 2F 0-2: Ball 1-2: Ground out 4-3 (Groundball, 4M)
|
Batting: RHB Paco Vásquez
|
0-0: Ball 1-0: Ball 2-0: Called Strike 2-1: Swinging Strike 2-2: Strikes out looking
|
Top of the 6th over - 1 run(s), 1 hit(s), 0 error(s), 0 left on base; Asheville 2 - Helena 6 |
BOTTOM OF THE 6TH |
Helena Grizzlies batting - Pitching for Asheville Highlanders : RHP Richard Meyer
|
Batting: RHB Chris Woodruff
|
0-0: Ball 1-0: Foul Ball, location: 2F 1-1: SINGLE (Flyball, 9LS)
|
Batting: LHB Wilson Horton
|
0-0: Ball 1-0: Fly out, F8 (Flyball, 8LM)
|
Batting: LHB José Ríos
|
0-0: Grounds into double play, 4-6-3 (Groundball, 4)
|
Bottom of the 6th over - 0 run(s), 1 hit(s), 0 error(s), 0 left on base; Asheville 2 - Helena 6 |
TOP OF THE 7TH |
Asheville Highlanders batting - Pitching for Helena Grizzlies : RHP Taro Ohayashi
|
Batting: RHB Thomas Morris
|
0-0: Ball 1-0: Foul Ball, location: 2F 1-1: Called Strike 1-2: Strikes out swinging
|
Batting: LHB Anthony Trigg
|
0-0: Called Strike 0-1: Ball 1-1: Called Strike 1-2: Ball 2-2: Ball 3-2: Strikes out looking
|
Batting: SHB Gonzalo Valentín
|
0-0: DOUBLE (Line Drive, 78M)
|
Batting: SHB Chris Cordell
|
0-0: Ball 1-0: DOUBLE (Flyball, 7LM) Gonzalo Valentín scores
|
Batting: RHB Víctor López
|
0-0: Ball 1-0: Ball 2-0: Ground out 1-3 (Groundball, 13)
|
Top of the 7th over - 1 run(s), 2 hit(s), 0 error(s), 1 left on base; Asheville 3 - Helena 6 |
BOTTOM OF THE 7TH |
Helena Grizzlies batting - Pitching for Asheville Highlanders : RHP Richard Meyer
|
Batting: LHB Andrew Palmer
|
0-0: Called Strike 0-1: Foul Ball, location: 2F 0-2: Ball 1-2: Foul Ball, location: 2F 1-2: Strikes out looking
|
Batting: RHB Álex Estrada
|
0-0: Ball 1-0: Called Strike 1-1: Ball 2-1: Fly out, F6 (Line Drive, 6M)
|
Batting: LHB César Muñóz
|
0-0: Swinging Strike 0-1: Called Strike 0-2: Strikes out swinging
|
Bottom of the 7th over - 0 run(s), 0 hit(s), 0 error(s), 0 left on base; Asheville 3 - Helena 6 |
TOP OF THE 8TH |
Asheville Highlanders batting - Pitching for Helena Grizzlies : RHP Taro Ohayashi
|
Batting: RHB Luis Alomar
|
0-0: Foul Ball, location: 2F 0-1: Foul Ball, location: 2F 0-2: Strikes out swinging
|
Batting: RHB Armando Alvarado
|
0-0: Ball 1-0: Ball 2-0: Called Strike 2-1: Swinging Strike 2-2: Ball 3-2: Foul Ball, location: 2F 3-2: Base on Balls
|
Batting: LHB Robert Adams
|
0-0: Ball 1-0: Foul Ball, location: 2F 1-1: Ball 2-1: SINGLE (Groundball, 34D) Armando Alvarado to second Runner from 2nd tries for 3rd, SAFE, no throw or cutoff
|
Pitching: RHP Teddy Jones
|
|
Batting: RHB Paco Vásquez
|
0-0: Fly out, F4 (Popup, 89S)
|
Batting: RHB Thomas Morris
|
0-0: SINGLE (Groundball, 3) Armando Alvarado scores Robert Adams to second Runner from 2nd tries for 3rd, OUT!
|
Top of the 8th over - 1 run(s), 2 hit(s), 0 error(s), 1 left on base; Asheville 4 - Helena 6 |
BOTTOM OF THE 8TH |
Helena Grizzlies batting - Pitching for Asheville Highlanders : RHP Richard Meyer
|
Batting: RHB Octávio Zúñiga
|
0-0: SINGLE (Groundball, 56D)
|
Batting: SHB Eric O'Neill
|
0-0: Ball 1-0: Ball 2-0: Foul Ball, location: 2F 2-1: Foul Ball, location: 2F 2-2: Ball 3-2: Foul Ball, location: 2F 3-2: Foul Ball, location: 2F 3-2: Base on Balls Octávio Zúñiga to second
|
Batting: RHB Keith Newbold
|
0-0: Ball 1-0: Ball 2-0: Foul Ball, location: 2F 2-1: SINGLE (Line Drive, 78M) Octávio Zúñiga to third Eric O'Neill to second
|
Pinch Hitting: LHB Rufo Flores
|
0-0: Ball 1-0: Foul Ball, location: 2F 1-1: Fly out, F9 (Line Drive, 9M) Runner from 3rd tags up, SCORES, throw made
|
Batting: LHB Wilson Horton
|
0-0: Foul Ball, location: 2F 0-1: Ball 1-1: Fly out, F9 (Flyball, 9M)
|
Batting: LHB José Ríos
|
0-0: Ball 1-0: Called Strike 1-1: Ball 2-1: Called Strike 2-2: Strikes out swinging
|
Bottom of the 8th over - 1 run(s), 2 hit(s), 0 error(s), 2 left on base; Asheville 4 - Helena 7 |
TOP OF THE 9TH |
Asheville Highlanders batting - Pitching for Helena Grizzlies : RHP Teddy Jones
|
Pitching: RHP José Gutiérrez
|
|
Now at SS: Bruce Hunt
|
|
Batting: LHB Anthony Trigg
|
0-0: Called Strike 0-1: Foul Ball, location: 2F 0-2: Fly out, F5 (Popup, 5F)
|
Batting: SHB Gonzalo Valentín
|
0-0: Ball 1-0: Ball 2-0: Ball 3-0: Called Strike 3-1: Called Strike 3-2: Foul Ball, location: 2F 3-2: Foul Ball, location: 2F 3-2: Strikes out looking
|
Batting: SHB Chris Cordell
|
0-0: Ball 1-0: Ground out 4-3 (Groundball, 4)
|
Top of the 9th over - 0 run(s), 0 hit(s), 0 error(s), 0 left on base; Asheville 4 - Helena 7 |
|